 Dungeon Crawl Stone Soup version 0.31.0-11-ge490571c62 (webtiles) character file.

Game seed: 18141227384329939090

5 Esekla the Gusty (level 1, 0/11 (14) HPs)
             Began as an Octopode Wanderer on Jan 29, 2024.
             Slain by a hobgoblin (5 damage)
             ... on level 1 of the Dungeon.
             The game lasted 00:03:44 (440 turns).

Esekla the Gusty (Octopode Wanderer)                 Turns: 440, Time: 00:03:45

HP:   0/11 (14)     AC:  1    Str: 15    XL:     1   Next: 80%
MP:   13/13         EV: 12    Int: 13    God:
Gold: 28            SH:  0    Dex:  8    Spells: 6/6 levels left

rFire   . . .        a - +0 dagger
rCold   . . .        (no shield)
rNeg    . . .        (helmet restricted)
rPois   .            (no amulet)
rElec   .            g - ring of magical power
rCorr   .            (no ring)
SInv    .            (no ring)
Will    .....        (no ring)
Stlth   ++           (no ring)
HPRegen 0.21/turn    (no ring)
MPRegen 0.13/turn    (no ring)
                     (no ring)

%: no passive effects
@: heavily drained
A: almost no armour, amphibious, 8 rings, camouflage 1, gelatinous body 1,
(nimble swimmer 1), tentacles
a: no special abilities


You were on level 1 of the Dungeon.
You visited 1 branch of the dungeon, and saw 1 of its levels.

You collected 28 gold pieces.

Inventory:

Hand Weapons
 a - a +0 dagger (weapon)
Jewellery
 g - a ring of magical power (left tentacle)
Scrolls
 d - a scroll of noise {unknown}
 f - 2 scrolls of fear {unknown}
 h - a scroll of identify {unknown}
Potions
 b - a potion of berserk rage
 c - a potion of attraction
 e - a potion of degeneration {unknown}


   Skills:
 * Level 2.0 Fighting
 * Level 3.1 Spellcasting
 + Level 1.0 Fire Magic
 + Level 4.1 Air Magic
 * Level 0.2 Alchemy


You had 6 spell levels left.
You didn't know any spells.
Your spell library contained the following spells:

 Spells                   Type           Power      Damage    Failure   Level
 Shock                    Conj/Air       28%        1d4       10%         1
 Static Discharge         Conj/Air       14%        3-4/arc   14%         2
 Foxfire                  Conj/Fire      12%        2x1d4     19%         1
 Mephitic Cloud           Conj/Alch/Air  5%         N/A       36%         3
 Volatile Blastmotes      Fire/Tloc      6%         2d10      50%         3


Dungeon Overview and Level Annotations

Branches:
Dungeon (1/15)

Altars:


Innate Abilities, Weirdness & Mutations

You cannot wear most types of armour.
You are amphibious.
You can wear up to eight rings at the same time.
Your skin changes colour to match your surroundings (Stealth+).
Your rubbery body absorbs attacks. (AC +1, EV +1)
((You are camouflaged when in or above water. (Stealth+)))
You have tentacles for arms and can constrict up to eight enemies at once.


Message History

You enter the shallow water.
The spectral hobgoblin attacks as it pursues you!
The spectral hobgoblin closely misses you.
There is a faded altar of an unknown god here.
This altar belongs to (a) Ashenzari, (b) Ru or (c) Nemelex Xobeh, but you can't tell which.
Press the corresponding letter to learn more about a god, or press enter to convert or escape to cancel.
Okay, then.
You hit the spectral hobgoblin.
The spectral hobgoblin is lightly damaged.
The spectral hobgoblin hits you.
You feel drained.
You hit the spectral hobgoblin. You squeeze the spectral hobgoblin.
You destroy the spectral hobgoblin!
You enter the shallow water.
You enter the shallow water.
You enter the shallow water.
You enter the shallow water.
You open the gate.
There is an open gate here.
You enter the shallow water.
You enter the shallow water.
Found a scroll labelled PERYAN VOUT.
You enter the shallow water.
You see here a scroll labelled PERYAN VOUT.
The helpless giant cockroach fails to defend itself.
You hit the giant cockroach.
You kill the giant cockroach!
h - a scroll labelled PERYAN VOUT
Found a scroll labelled ASAEMIUTZAN.
A hobgoblin comes into view.
Found a sling.
The helpless hobgoblin fails to defend itself.
You hit the hobgoblin. Your grab misses the hobgoblin.
The hobgoblin is lightly wounded.
The hobgoblin hits you.
You hit the hobgoblin. Your grab misses the hobgoblin.
The hobgoblin is moderately wounded.
The hobgoblin hits you.
You closely miss the hobgoblin. Your grab misses the hobgoblin.
The hobgoblin is moderately wounded.
The hobgoblin hits you.
You die...

##..†## ##.#
#... #.#
...#. #.#
.....#. #.#
.### ## #.#
. #.# .).
#.#
.....#.####
........@..#
.....##..g.#
.... ...####
........#
#####..?#
....# #.####
#.


You could see a hobgoblin.

Vanquished Creatures
  A giant cockroach (D:1)
  A goblin (D:1)
  A quokka (D:1)
  A rat (D:1)
  A spectral hobgoblin (D:1)
5 creatures vanquished.

Notes
Turn   | Place    | Note
-------+----------+-------------------------------------------
     0 | D:1      | Esekla the Octopode Wanderer began the quest for the Orb.
     0 | D:1      | Esekla set off with the following items: a +0 club, a
                  | potion of berserk rage, a potion of attraction; and the
                  | following spells available to memorise: Shock, Static
                  | Discharge, Foxfire, Mephitic Cloud, Volatile Blastmotes.
     0 | D:1      | Reached XP level 1. HP: 14/14 MP: 4/4
   345 | D:1      | Found a faded altar of an unknown god.
   440 | D:1      | Slain by a hobgoblin

Illustrated notes

Levels and vault maps discovered:
D:1:      amcnicky_arrival_double_pillar, layout_rooms,
          dreamdust_ecumenical_altar_drowned_temple, nrook_campfire,
          minmay_misc_feat_encased

Action                     || total
---------------------------++-------
  Melee: Dagger            ||     9
         Club              ||     5
         Tentacles         ||     4
         Constrict         ||     2
   Stab: Sleeping          ||     2
 Armour: Skin              ||    11
  Dodge: Dodged            ||     4
